 Dungeon Crawl Stone Soup version 0.19-a0-465-g1d1674b (webtiles) character file.

93 epen the Sneak (level 4, -1/21 HPs)
             Began as a Spriggan Enchanter on June 3, 2016.
             Slain by an orc
             ... wielding a cursed +0 dagger
              (6 damage)
             ... on level 3 of the Dungeon.
             The game lasted 00:04:33 (3476 turns).

epen the Sneak (Spriggan Enchanter)                 Turns: 3476, Time: 00:04:34

Health: -1/21      AC:  5    Str:  4    XL:     4   Next: 37%
Magic:  0/10       EV: 19    Int: 17    God:
Gold:   72         SH:  0    Dex: 16    Spells: 3 memorised, 3 levels left

rFire  . . .     SeeInvis +     a - +1 dagger
rCold  . . .     Gourm    .     b - +1 robe
rNeg   . . .     Faith    .     (shield restricted)
rPois  .         Spirit   .     (helmet restricted)
rElec  .         Dismiss  .     i - +1 cloak
rCorr  .         Reflect  .     (gloves unavailable)
SustAt .         Harm     .     (boots unavailable)
MR     .....                    (no amulet)
Stlth  +++.......               (no ring)
                                (no ring)

@: very quick, not resistant to hostile enchantments, fairly stealthy
A: unfitting armour, see invisible, herbivore 3, speed 3, slow metabolism 2
a: no special abilities


You were on level 3 of the Dungeon.
You were not hungry.

You visited 1 branch of the dungeon, and saw 3 of its levels.

You collected 72 gold pieces.

Inventory:

Hand Weapons
 a - a +1 dagger (weapon)
Armour
 b - a +1 robe (worn)
 i - a +1 cloak (worn)
Jewellery
 f - an uncursed amulet of the gourmand {unknown}
Wands
 q - a wand of random effects (32/48)
Scrolls
 e - 4 scrolls of identify {unknown}
 g - 4 scrolls of teleportation {unknown}
 h - 2 scrolls of remove curse {unknown}
 k - a scroll of recharging {unknown}
 m - a scroll of fear {unknown}
 o - a scroll of enchant weapon {unknown}
Potions
 j - 2 potions of curing {unknown}
 l - a potion of degeneration {unknown}
 n - a potion of heal wounds {unknown}
 p - a potion of agility {unknown}
Books
 c - a book of Maledictions

   Spells                             Type                      Level
   a - Corona                         Hexes                        1
   b - Ensorcelled Hibernation        Hexes/Ice                    2
   c - Confuse                        Hexes                        3
   d - Tukima's Dance                 Hexes                        3
   e - Dazzling Spray                 Conjuration/Hexes            3
Comestibles
 d - a bread ration


   Skills:
 + Level 0.5 Fighting
 + Level 1.4 Short Blades
 + Level 4.1 Dodging
 + Level 5.1 Stealth
 + Level 3.4 Spellcasting
 * Level 4.5 Hexes


You had 3 spell levels left.
You knew the following spells:

 Your Spells              Type           Power        Failure   Level  Hunger
a - Corona                Hex            ###....      2%          1    None
b - Ensorcelled Hibernat  Hex/Ice        ##....       12%         2    ##.....
c - Confuse               Hex            ###.....     10%         3    ###....


Dungeon Overview and Level Annotations

Branches:
Dungeon (3/15)

Altars:
Hepliaklqana
Kikubaaqudgha
Okawaru
Zin


Innate Abilities, Weirdness & Mutations

You are tiny and cannot use many weapons and most armour.
You have supernaturally acute eyesight. (SInv)
You are a herbivore.
You cover ground extremely quickly.
You need consume almost no food.


Message History

Confirm with . or Enter, or press ? or * to list all spells.
Aiming: Confuse
Press: ? - help, Shift-Dir - straight line, f/p - orc wizard
Aim: an orc wizard, wielding a dagger and wearing a robe (almost dead, chance to defeat MR: 49%)
The orc wizard resists with some effort.
The orc barely misses you.
The orc wizard gestures at you while chanting.
The magic dart hits you!
* * * LOW HITPOINT WARNING * * *
Casting: Confuse
Confirm with . or Enter, or press ? or * to list all spells.
Aiming: Confuse
Press: ? - help, Shift-Dir - straight line, f/p - orc wizard
Aim: an orc wizard, wielding a dagger and wearing a robe (almost dead, chance to defeat MR: 49%)
The orc wizard resists with some effort.
The orc closely misses you. The orc wizard closely misses you.
You hit the orc wizard but do no damage.
The orc wizard is almost dead.
The orc hits you with a dagger.
You die...

#.# #.# ########## #.#
#........# #.#
#.######.#
#.########.######.#
#......(.......##.#
###.########.###.##.#
..>..## #...oo...#
#.....# #....@...#
##...## #...#.##.# ##.##
#.....##.# #.#
#...####.#### #.#
#...........# ##'##
#..####.#.#.# ##...####
#.....<.._..#
#.......####..####.#.###
.................#...#


You could see an orc wizard and an orc.

Vanquished Creatures
  2 adders
  An ooze (D:2)
  A worm (D:2)
  2 dart slugs
  2 giant geckos (D:1)
  3 orcs (D:3)
  6 bats
  3 giant cockroaches
  10 goblins
  7 hobgoblins
  6 jackals (D:3)
  A quokka (D:2)
  2 giant newts (D:1)
  8 kobolds
  3 rats
57 creatures vanquished.

Notes
Turn   | Place    | Note
--------------------------------------------------------------
     0 | D:1      | epen the Spriggan Enchanter began the quest for the Orb.
     0 | D:1      | Reached XP level 1. HP: 9/9 MP: 5/5
   165 | D:1      | Reached XP level 2. HP: 5/13 MP: 4/6
   169 | D:1      | Learned a level 2 spell: Ensorcelled Hibernation
  1115 | D:2      | Reached XP level 3. HP: 10/17 MP: 8/8
  1120 | D:2      | Learned a level 3 spell: Confuse
  1406 | D:2      | Found a hazy altar of Hepliaklqana.
  1718 | D:2      | Found a glowing silver altar of Zin.
  2294 | D:3      | Reached XP level 4. HP: 9/21 MP: 9/9
  2518 | D:3      | Reached skill level 5 in Stealth
  2713 | D:3      | Found an iron altar of Okawaru.
  2744 | D:3      | Found an ancient bone altar of Kikubaaqudgha.
  3476 | D:3      | Slain by an orc

Vault maps used:
D:1:      ncdulo_wetmaze, minmay_misc_feat_more_columns, minivault_24
D:2:      zin_scriptorium, nicolae_overflow_crystal_walls, first_bread
D:3:      kiku_gazebo_pond_becter, lemuel_crystal_altar, lemuel_doored_altar

Skill      XL: |  1  2  3  4 |
---------------+-------------+-----
Hexes          | 4 |  4.5
Spellcasting   | 3 |  3.4
Dodging        | 4 |  4.1
Stealth        | 5 |  5.1
Fighting       | |  0.5
Short Blades   | |  1.4

Action                   |  1- 3 |  4- 6 || total
-------------------------+-------+-------++-------
Melee: Dagger            |   142 |    97 ||   239
 Cast: Corona            |     1 |       ||     1
       Ensorcelled Hiber |    12 |     2 ||    14
       Confuse           |     5 |     9 ||    14
 Stab: Sleeping          |    23 |     2 ||    25
  Eat: Bread ration      |       |     1 ||     1
Armor: Robe              |    14 |    14 ||    28
Dodge: Dodged            |    87 |    62 ||   149
